 Dungeon Crawl Stone Soup version 0.29-a0-643-ga013cefcf8 (webtiles) character file.

Game seed: 13049401395672164744

2014 IdlyInterested the Slasher (level 9, -1/68 (74) HPs)
             Began as a Demonspawn Gladiator on June 19, 2022.
             Engulfed by a steam dragon's steam (6 damage)
             ... on level 7 of the Dungeon.
             The game lasted 00:20:43 (7398 turns).

IdlyInterested the Slasher (Demonspawn Gladiator)   Turns: 7398, Time: 00:20:44

HP:   -1/68 (74)    AC: 16    Str: 16    XL:     9   Next: 2%
MP:   3/3           EV:  6    Int: 15    God:
Gold: 148           SH:  0    Dex: 18    Spells: 8/8 levels left

rFire   . . .      SeeInvis .   e - +1 scimitar (antimagic)
rCold   . . .      Faith    .   (no shield)
rNeg    . . .      Spirit   .   w - +0 plate armour
rPois   .          Reflect  .   c - +0 helmet
rElec   .          Harm     .   (no cloak)
rCorr   .          Rampage  .   t - +0 pair of gloves
Will    .....                   b - +0 pair of boots
Stlth   ..........              (no amulet)
HPRegen 0.21/turn               (no ring)
MPRegen 0.08/turn               r - +6 ring of intelligence

@: drained, invisible
A: hooves 1, rugged brown scales 2, powered by death 1, demonic magic 1
a: no special abilities


You were on level 7 of the Dungeon.
You visited 1 branch of the dungeon, and saw 7 of its levels.

You collected 346 gold pieces.
You spent 198 gold pieces at shops.

Inventory:

Hand Weapons
 a - a +0 long sword of electrocution
 e - a +1 antimagic scimitar (weapon)
 x - a +1 falchion of flaming
 F - a +0 great sword
Missiles
 d - 4 throwing nets
 i - 18 stones (quivered)
 D - a javelin
Armour
 b - a +0 pair of boots (worn)
 c - a +0 helmet (worn)
 t - a +0 pair of gloves (worn)
 w - a +0 plate armour (worn)
 G - a +0 robe of fire resistance
Magical Staves
 m - a staff of fire
 u - a staff of earth
Jewellery
 n - a ring of ice
 r - a +6 ring of intelligence (right hand)
 v - a ring of ice
Wands
 g - a wand of charming (8)
 h - a wand of acid (9)
 q - a wand of iceblast (6)
Scrolls
 k - 3 scrolls of blinking
 o - 3 scrolls of teleportation
 s - a scroll of amnesia
 y - a scroll of magic mapping
 A - a scroll of fog
 B - 2 scrolls of identify
 E - a scroll of silence {unknown}
Potions
 f - 3 potions of attraction
 l - 4 potions of curing
 p - a potion of brilliance
 z - a potion of haste
 C - a potion of cancellation


   Skills:
 * Level 6.4 Fighting
 * Level 7.2 Long Blades
 - Level 2.0 Throwing
 * Level 2.0 Armour
 + Level 6.0 Dodging
 - Level 2.0 Evocations


You had 8 spell levels left.
You didn't know any spells.
Your spell library contained the following spells:

 Spells                   Type           Power      Damage    Failure   Level
 Confusing Touch          Hex            0%         N/A       100%        3
 Yara's Violent Unravell  Hex/Tmut       0%         3d3       100%        5
 Enfeeble                 Hex            0%         N/A       100%        7


Dungeon Overview and Level Annotations

Branches:
Dungeon (7/15)
 Temple: D:4-7

Altars:

Shops:
D:2 *   D:3 (   D:7 :


Innate Abilities, Weirdness & Mutations

You have large cloven feet.
You are mostly covered in rugged brown scales. (AC +2, +5% HP)
You regenerate a little health from kills.
Spells you cast may paralyse adjacent enemies.


Message History

Aim: a wight, wielding a +3 long sword and wearing a +0 robe (heavily damaged, chance to affect: 54%)
The wight is charmed.
The water moccasin bites your wight!
Your wight is destroyed!
Unknown command.
Aiming: Charm
Press: ? - help, Shift-Dir - straight line, f - water moccasin
Aim: a water moccasin (chance to affect: 54%)
The water moccasin resists with significant effort.
The water moccasin bites you but does no damage.
You fade into invisibility!
The water moccasin bites you.
* * * LOW HITPOINT WARNING * * *
The wight hits you but does no damage.
The wight zaps a wand.
The water moccasin resists with some effort.
The water moccasin barely misses you.
You completely miss the water moccasin.
The wight zaps a wand.
The water moccasin evaporates and reforms as a steam dragon!
You closely miss the steam dragon.
The steam dragon hisses angrily.
The steam dragon bites you.
* * * LOW HITPOINT WARNING * * *
The steam dragon barely misses you.
You slash the steam dragon!
The steam dragon is moderately wounded.
The wight zaps a wand.
The steam dragon resists with some effort.
The steam dragon bites you but does no damage.
The steam dragon barely misses you.
You barely miss the steam dragon.
The steam dragon is moderately wounded.
The steam dragon breathes steam at you. The ball of steam misses you.
The wight hits you from afar with a +2 spear of freezing.
* * * LOW HITPOINT WARNING * * *
You feel drained. The wight freezes you.
* * * LOW HITPOINT WARNING * * *
You barely miss the steam dragon.
The steam dragon is lightly wounded.
You die...

##.#.####..#.§≈≈≈§≈≈≈≈§§≈..#
####..#.#
#.......§§...§.§..#
#....##..
##...##.###########
#.######.# ###....# .....#
.# ##.### .###.#....
####.#### <.........
#§......# ###......
#.§.....# ....< #..@....#
.... ####D#### .. #.z))# .
#z##.## .#####.##..#
z...........# .####'###...#
#...8#..# ..#...#..#


You could see a steam dragon (can't see you, catching breath) and a wight (can't
see you).

Vanquished Creatures
  Prince Ribbit (D:7)
  Menkaure (D:7)
  A steam dragon (D:6)
  An orc warrior (D:6)
  2 ice beasts
  A black bear (D:6)
  A phantom (D:6)
  A centaur (D:7)
  Blork the orc (D:4)
  A necrophage (D:6)
  2 scorpions
  2 wights (D:7)
  2 orc priests (D:6)
  4 hounds
  4 jellies (D:6)
  2 iguanas
  3 orc wizards (D:6)
  5 gnolls
  7 adders
  2 shadow imps
  5 white imps
  2 ufetubi
  2 dart slugs
  11 orcs
  7 ball pythons
  2 bats
  5 endoplasms
  6 goblins
  7 hobgoblins
  7 jackals
  6 kobolds
  2 quokkas
  6 frilled lizards
  2 rats
114 creatures vanquished.

Vanquished Creatures (others)
  An orc warrior (D:6)
  A wight (D:7)
  A plant (D:1)
3 creatures vanquished.

Grand Total: 117 creatures vanquished

Notes
Turn   | Place    | Note
-------+----------+-------------------------------------------
     0 | D:1      | IdlyInterested the Demonspawn Gladiator began the quest for
                  | the Orb.
     0 | D:1      | Reached XP level 1. HP: 16/16 MP: 1/1
   463 | D:1      | Reached skill level 3 in Long Blades
   463 | D:1      | Gained mutation: You are partially covered in rugged brown
                  | scales. (AC +1, +3% HP) [demonic ancestry]
   463 | D:1      | Reached XP level 2. HP: 9/22 MP: 2/2
   877 | D:1      | Found a faded altar of an unknown god.
  1200 | D:2      | Gained mutation: You are mostly covered in rugged brown
                  | scales. (AC +2, +5% HP) [demonic ancestry]
  1200 | D:2      | Reached XP level 3. HP: 17/28 MP: 3/3
  1313 | D:2      | Found Caxuskegeto's Assorted Antiques.
  1317 | D:2      | Bought a purple potion for 15 gold pieces
  1317 | D:2      | Bought a red potion for 15 gold pieces
  1317 | D:2      | Bought a scroll labelled YJYSHE ZYXOU for 17 gold pieces
  1556 | D:2      | Bought a red potion for 15 gold pieces
  1614 | D:2      | Reached skill level 1 in Armour
  1864 | D:2      | Reached XP level 4. HP: 16/35 MP: 4/4
  2651 | D:3      | Found Anweu's Weapon Boutique.
  3147 | D:3      | Reached skill level 4 in Long Blades
  3435 | D:3      | Bought a +1 falchion of flaming for 136 gold pieces
  3950 | D:4      | Reached XP level 5. HP: 43/43 MP: 5/5
  3971 | D:4      | Noticed Blork the orc
  3986 | D:4      | Killed Blork the orc
  4519 | D:5      | Entered Level 5 of the Dungeon
  4827 | D:5      | Gained mutation: You regenerate a little health from kills.
                  | [demonic ancestry]
  4827 | D:5      | Reached XP level 6. HP: 47/50 MP: 6/6
  5328 | D:6      | Noticed an ice beast
  5336 | D:6      | Reached skill level 5 in Long Blades
  5344 | D:6      | Killed an ice beast
  5345 | D:6      | Reached XP level 7. HP: 49/57 MP: 7/7
  5452 | D:6      | HP: 2/57 [acid (1)]
  5457 | D:6      | Reached skill level 5 in Fighting
  5823 | D:6      | Noticed a steam dragon
  5850 | D:6      | Killed a steam dragon
  5851 | D:6      | Reached skill level 6 in Long Blades
  5851 | D:6      | Reached skill level 1 in Evocations
  5851 | D:6      | Gained mutation: Spells you cast may paralyse adjacent
                  | enemies. [demonic ancestry]
  5851 | D:6      | Reached XP level 8. HP: 7/66 MP: 8/8
  6410 | D:6      | Reached skill level 5 in Dodging
  6711 | D:7      | Noticed Menkaure
  6719 | D:7      | Killed Menkaure
  6733 | D:7      | Noticed Prince Ribbit
  6735 | D:7      | Found Foifeaph's Book Boutique.
  6753 | D:7      | Killed Prince Ribbit
  6755 | D:7      | Reached skill level 7 in Long Blades
  7345 | D:7      | Gained mutation: You have large cloven feet. [demonic
                  | ancestry]
  7345 | D:7      | Reached XP level 9. HP: 68/74 MP: 3/9
  7398 | D:7      | Engulfed by a steam dragon's steam

Illustrated notes

Levels and vault maps discovered:
D:1:      dpeg_chamrin_arrival_tetris, layout_rooms,
          nicolae_ecumenical_lake_church, nicolae_grassy_gnolls
D:2:      layout_loops_corners, serial_shops, shop, grunt_ministairs_13,
          serial_bayou_pond_e
D:3:      layout_basic, serial_shops, nicolae_shop_window_shopping
D:4:      layout_gridville, minivault_24, uniq_blork_the_orc
D:5:      layout_cave_pools, kennysheep_generic_room_14
D:6:      minmay_octagon_keep, layout_rooms, minmay_between
D:7:      layout_rooms, minmay_temple_entry_hall, nicolae_inconvenience_store,
          minivault_1, uniq_menkaure, uniq_joseph, uniq_prince_ribbit1

Skill      XL: |  1  2  3  4  5  6  7  8 |
---------------+-------------------------+-----
Long Blades    | 3 4 5 6 7 |  7.2
Dodging        | 3 4 6 |  6.0
Armour         | 1 2 |  2.0
Fighting       | 3 4 5 6 |  6.4
Throwing       | 2 |  2.0
Evocations     | 1 2 |  2.0

Action                   |  1- 3 |  4- 6 |  7- 9 || total
-------------------------+-------+-------+-------++-------
Melee: Long sword        |    99 |   165 |    87 ||   351
       Punch             |     2 |       |     2 ||     4
       Staff             |       |       |    21 ||    21
       Scimitar          |       |       |    91 ||    91
Throw: Stone             |       |    15 |    23 ||    38
       Javelin           |       |       |     1 ||     1
Evoke: Wand              |       |       |     5 ||     5
  Use: Scroll            |     5 |     9 |     3 ||    17
       Potion            |       |     7 |     5 ||    12
Armor: Ring mail         |    35 |    34 |       ||    69
       Scale mail        |       |    46 |    53 ||    99
       Plate armour      |       |       |    61 ||    61
Dodge: Dodged            |    68 |    96 |    94 ||   258

Table legend: (Time is in decaauts)
 A = Elapsed time spent in this place.
 B = Non-inter-level travel time spent in this place.
 C = Inter-level travel time spent in this place.
 D = Time resting spent in this place.
 E = Time spent auto-exploring this place.
 F = Levels seen in this place.
 G = Mean time per level.
                   A        B        C        D        E       F      G
               +--------+--------+--------+--------+--------+-----+--------+
         Total |   7495 |   7258 |    237 |   2136 |   3850 |   7 | 1070.7 |
       Dungeon |   7495 |   7258 |    237 |   2136 |   3850 |   7 | 1070.7 |
               +--------+--------+--------+--------+--------+-----+--------+

Top non-repeatable levels by time:
     D:6: 1428 daAuts
     D:2: 1411 daAuts
     D:3: 1126 daAuts
     D:1: 1106 daAuts
     D:4: 934 daAuts
     D:5: 783 daAuts
     D:7: 705 daAuts
